 Dungeon Crawl Stone Soup version 0.18-a0-1642-g3ae59fa (webtiles) character file.

55 Manintree the Magician (level 3, -1/24 HPs)
             Began as a Demonspawn Ice Elementalist on Mar 27, 2016.
             Slain by a gnoll
             ... wielding a +0 whip
              (9 damage)
             ... on level 2 of the Dungeon.
             The game lasted 00:03:16 (1408 turns).

Manintree the Magician (DsIE)                       Turns: 1408, Time: 00:03:16

Health: -1/24      AC:  7    Str:  8    XL:     3   Next: 67%
Magic:  3/7        EV:  7    Int: 17    God:
Gold:   36         SH:  0    Dex: 13    Spells: 2 memorised, 5 levels left

rFire  . . .     SeeInvis .     h - +0 spear
rCold  . . .     Gourm    .     a - +0 robe
rNeg   . . .     Faith    .     (no shield)
rPois  .         Spirit   .     n - +2 hat
rElec  .         Dismiss  .     (no cloak)
rCorr  .         Reflect  .     (no gloves)
SustAt .         Harm     .     (no boots)
MR     .....                    (no amulet)
Stlth  ++........               (no ring)
                                (no ring)

@: not resistant to hostile enchantments, unstealthy
A: slimy green scales 2
a: no special abilities


You were on level 2 of the Dungeon.
You were not hungry.

You visited 1 branch of the dungeon, and saw 2 of its levels.

You collected 36 gold pieces.

Inventory:

Hand Weapons
 e - a +0 club
 h - a +0 spear (weapon)
Armour
 a - a +0 robe (worn)
 n - a +2 hat (worn)
Scrolls
 d - a scroll of enchant weapon {unknown}
 f - a scroll of blinking {unknown}
 g - 2 scrolls of fog {unknown}
 i - a scroll of identify {unknown}
 m - a scroll of recharging {unknown}
 q - a scroll of fear {unknown}
Potions
 j - a potion of lignification {unknown}
 k - a potion of might {unknown}
 l - a potion of flight {unknown}
 p - a potion of curing {unknown}
 r - a potion of brilliance {unknown}
Books
 b - a book of Frost

   Spells                             Type                      Level
   a - Freeze                         Ice                          1
   b - Throw Frost                    Conjuration/Ice              2
   c - Ozocubu's Armour               Charms/Ice                   3
   d - Throw Icicle                   Conjuration/Ice              4
   e - Summon Ice Beast               Ice/Summoning                4
Comestibles
 c - a bread ration


   Skills:
 - Level 1.7 Dodging
 - Level 1.7 Stealth
 - Level 3.0 Spellcasting
 * Level 2.6 Conjurations
 - Level 2.6 Ice Magic


You had 5 spell levels left.
You knew the following spells:

 Your Spells              Type           Power        Failure   Level  Hunger
a - Freeze                Ice            ##..         10%         1    None
b - Throw Frost           Conj/Ice       ##....       12%         2    ##.....


Dungeon Overview and Level Annotations

Branches:
Dungeon (2/15)

Altars:


Innate Abilities, Weirdness & Mutations

You are mostly covered in slimy green scales (AC +3).


Message History

The gnoll is severely wounded.
Casting: Freeze
Confirm with . or Enter, or press ? or * to list all spells.
Aiming: Freeze
Press: ? - help, Shift-Dir - straight line, f/p - gnoll
Aim: a gnoll, wielding a flail (severely wounded)
You freeze the gnoll.
The gnoll is almost dead.
The gnoll hits you with a flail!
Casting: Freeze
Confirm with . or Enter, or press ? or * to list all spells.
Aiming: Freeze
Press: ? - help, Shift-Dir - straight line, f/p - gnoll
Aim: a gnoll, wielding a flail (almost dead)
You freeze the gnoll.
You kill the gnoll!
The gnoll hits you but does no damage.
There is a stone staircase leading up here.
The gnoll closely misses you. The gnoll hits you with a whip!
You die...

.#.. ..#.# #.#.#
######...## .#
...#.....###.#
#####...........#
###......#......#.#
.......#........#.#
.........#@g......###
.......###.g.........
.......#...gg......#
.........#.#.......##
........†)....)......
...........#.##....##
..........##.# ......
.........#.... .....
.............## ...


You could see 3 gnolls and a hobgoblin.

Vanquished Creatures
  A gnoll (D:2)
  An ooze (D:1)
  3 dart slugs (D:1)
  3 bats
  4 giant cockroaches (D:1)
  3 goblins (D:1)
  4 hobgoblins (D:1)
  6 jackals (D:1)
  A giant newt (D:2)
  4 kobolds
  2 rats
32 creatures vanquished.

Notes
Turn   | Place    | Note
--------------------------------------------------------------
     0 | D:1      | Manintree the Demonspawn Ice Elementalist began the quest for the Orb.
     0 | D:1      | Reached XP level 1. HP: 13/13 MP: 3/3
    95 | D:1      | Gained mutation: You are partially covered in slimy green scales (AC +2). [demonic ancestry]
    95 | D:1      | Reached XP level 2. HP: 4/19 MP: 1/5
   371 | D:1      | Learned a level 2 spell: Throw Frost
   441 | D:1      | Reached skill level 3 in Spellcasting
   679 | D:1      | Gained mutation: You are mostly covered in slimy green scales (AC +3). [demonic ancestry]
   679 | D:1      | Reached XP level 3. HP: 21/24 MP: 0/7
  1408 | D:2      | Slain by a gnoll

Vault maps used:
D:1:      lightli_arrival_lavapool
D:2:      johnstein_pakellas_dig, minitemple, first_bread,
          nicolae_tso_swordbearing_angel

Skill      XL: |  1  2  3 |
---------------+----------+-----
Spellcasting   | 3 |  3.0
Conjurations   | 2 |  2.6
Dodging        | |  1.7
Stealth        | |  1.7
Ice Magic      | |  2.6

Action                   || total
-------------------------++-------
Melee: Club              ||    17
       Spear             ||    45
 Cast: Freeze            ||    36
       Throw Frost       ||     4
 Stab: Sleeping          ||     4
  Eat: Chunk             ||     2
